 Dungeon Crawl Stone Soup version 0.31-a0-344-gd109795599 (webtiles) character file.

Game seed: 8407145951181246184

1182 LeprechaunX the Ruffian (level 8, -4/48 HPs)
             Began as an Octopode Shapeshifter on July 21, 2023.
             Was a Believer of Hepliaklqana.
             Succumbed to a gnoll's poison
             ... on level 6 of the Dungeon on July 22, 2023.
             The game lasted 00:08:51 (4870 turns).

LeprechaunX the Ruffian (Octopode Shapeshifter)     Turns: 4870, Time: 00:08:52

Health: -4/48      AC:  8    Str: 16    XL:     8   Next: 42%
Magic:  8/8        EV: 15    Int: 10    God:    Hepliaklqana [**....]
Gold:   315        SH:  0    Dex: 19    Spells: 7/7 levels left

rFire   . . .        v - +4 flail (protect)
rCold   . . .        (no shield)
rNeg    . . .        (helmet currently unavailable)
rPois   .            (no amulet)
rElec   .            c - +6 ring of dexterity
rCorr   .            (no ring)
SInv    .            (no ring)
Will    .....        (no ring)
Stlth   +++          (no ring)
HPRegen 0.28/turn    (no ring)
MPRegen 0.11/turn    (no ring)
                     (no ring)

%: no passive effects
@: lethally poisoned (-4 -> -22), beast-form, under a protective aura
A: beast (slay +3), reduced essence, almost no armour, amphibious, 8 rings,
camouflage 1, gelatinous body 1, (nimble swimmer 1), tentacles
a: Begin Untransformation, Renounce Religion, Recall Ancestor, Ancestor Identity


You were on level 6 of the Dungeon.
You worshipped Hepliaklqana.
Hepliaklqana was pleased with you.
You were a hulking beast.
You visited 2 branches of the dungeon, and saw 7 of its levels.

You collected 315 gold pieces.

Inventory:

Hand Weapons
 v - a +4 flail of protection (weapon)
Jewellery
 c - a +6 ring of dexterity (left tentacle)
Talismans
 b - a beast talisman
Wands
 h - a wand of acid (9)
 s - a wand of roots (10)
 u - a wand of polymorph (4)
Scrolls
 a - 3 scrolls of identify {unknown}
 d - a scroll of vulnerability {unknown}
 f - a scroll of torment {unknown}
 i - 2 scrolls of noise {unknown}
 j - 3 scrolls of revelation {unknown}
 l - a scroll of amnesia {unknown}
 n - a scroll of teleportation {unknown}
 o - a scroll of immolation {unknown}
 q - a scroll of silence {unknown}
 t - 2 scrolls of poison {unknown}
 w - a scroll of fog {unknown}
 y - a scroll of enchant armour {unknown}
Potions
 e - a potion of attraction {unknown}
 g - 2 potions of curing {unknown}
 k - 3 potions of haste {unknown}
 m - 2 potions of brilliance {unknown}
 p - 2 potions of heal wounds {unknown}
 r - a potion of enlightenment {unknown}
 x - a potion of might {unknown}
 z - a potion of lignification


   Skills:
 - Level 4.0 Fighting
 - Level 4.0 Dodging
 * Level 7.3 Unarmed Combat
 + Level 4.9 Shapeshifting


You had 7 spell levels left.
You didn't know any spells.
Your spell library contained the following spells:

 Spells                   Type           Power      Damage    Failure   Level
 Kiss of Death            Conj/Necr      0%         2d5       36%         1
 Magic Dart               Conj           0%         1d3       36%         1
 Necrotise                Necr           0%         1d4       36%         1
 Call Imp                 Summ           0%         N/A       50%         2
 Ensorcelled Hibernation  Hex/Ice        0%         N/A       50%         2
 Passwall                 Tmut/Erth      0%         N/A       50%         2
 Confusing Touch          Hex            0%         N/A       75%         3
 Mephitic Cloud           Conj/Pois/Air  0%         N/A       75%         3
 Stone Arrow              Conj/Erth      0%         3d7       75%         3
 Swiftness                Air            0%         N/A       75%         3
 Anguish                  Hex/Necr       0%         N/A       98%         4
 Dispel Undead            Necr           0%         3d6       98%         4
 Haunt                    Necr/Summ      0%         N/A       100%        7
 Borgnjor's Revivificati  Necr           0%         N/A       100%        8
 Lehudib's Crystal Spear  Conj/Erth      0%         10d2      100%        8
 Death's Door             Necr           0%         N/A       100%        9
 Animate Armour           Summ/Erth      Unusable   N/A       N/A         4

Dungeon Overview and Level Annotations

Branches:
Dungeon (6/15)             Temple (1/1) D:4

Altars:
Ashenzari
Cheibriados
Dithmenos
Fedhas
Gozag
Hepliaklqana
Kikubaaqudgha
Nemelex Xobeh
Okawaru
Qazlal
Sif Muna
Trog
Uskayaw
Vehumet
Wu Jian
Xom
Yredelemnul

Shops:
D:3 =

Annotations:
D:3 3 runed translucent doors, Starbright's ghost, amateur BaRe


Innate Abilities, Weirdness & Mutations

You are a hulking beast.
Your limbs bulge with bestial killing power. (Slay +3)
Your life essence is reduced to manifest your ancestor. (-10% HP)
You cannot wear most types of armour.
You are amphibious.
You can wear up to eight rings at the same time.
Your skin changes colour to match your surroundings (Stealth+).
Your rubbery body absorbs attacks. (AC +1, EV +1)
((You are camouflaged when in or above water. (Stealth+)))
You have tentacles for arms and can constrict up to eight enemies at once.


Message History

You are poisoned.
The gnoll sergeant closely misses you.
Things that are here:
a +0 flail; a gnoll corpse Unknown command.
You sock the gnoll!
You kill the gnoll!
You feel sick. The gnoll closely misses you.
The gnoll sergeant hits you but does no damage.
The gnoll misses you. The ice beast hits you. The ice beast freezes you!
The gnoll barely misses you. The gnoll closely misses you.
The gnoll sergeant closely misses you. The ice beast attacks as you move away!
The ice beast closely misses you.
You feel sick.
Khabaw points at the gnoll sergeant and mumbles some strange words.
The stone arrow hits the gnoll sergeant.
The gnoll sergeant hits you from afar with a +4 trident!
You sock the ice beast!
The ice beast is moderately wounded.
You feel sick.
Khabaw hits the gnoll sergeant with a +0 quarterstaff!
The gnoll completely misses you. The gnoll barely misses you.
The ice beast barely misses you.
The gnoll hits you from afar with a +1 halberd of venom!
* * * LOW HITPOINT WARNING * * *
You are lethally poisoned!
The gnoll sergeant hits Khabaw with a +4 trident!
Khabaw completely misses the gnoll sergeant.
You thump the ice beast! You squeeze the ice beast.
The ice beast is severely wounded.
* * * LOW HITPOINT WARNING * * *
You feel very sick.
The gnoll closely misses you. x2; The ice beast barely misses you.
The gnoll hits you but does no damage.
You are more poisoned.
The gnoll sergeant closely misses Khabaw.
Khabaw barely misses the gnoll sergeant.
You sock the ice beast!
You kill the ice beast!
You die...

#.........##
#..........
##.........#
...........#
#.........#
#.........#
#...gggg..#
#..R)...#
##/..h...##
#..>......###
........#.....#
###...###.#.#.#####
##.# #.........#
... #.#.#.###.#
#.#. #.....# #.# ..
###.### #.# # #.#
#.# #


You could see the friendly Khabaw the battlemage, a gnoll sergeant (distracted,
ally target) and 3 gnolls.

Vanquished Creatures
  Edmund (D:4)
  An orc warrior (D:6)
  An ice beast (D:6)
  A black bear (D:4)
  Blork the orc (D:4)
  A kobold brigand (D:6)
  A scorpion (D:6)
  2 orc priests
  A gnoll bouda (D:5)
  2 hounds
  An iron imp (D:3)
  6 orc wizards
  3 iguanas
  A hound zombie (D:3)
  3 gnolls
  3 adders
  2 ufetubi
  An adder zombie (D:3)
  5 dart slugs
  17 orcs
  4 endoplasms
  A giant cockroach (D:1)
  6 goblins
  5 hobgoblins
  5 kobolds
  4 quokkas
  8 ball pythons
  6 bats
  5 frilled lizards
  3 rats
101 creatures vanquished.

Vanquished Creatures (collateral kills)
  A scorpion (D:5)
  3 gnolls
  2 orcs
  3 kobolds (D:6)
9 creatures vanquished.

Grand Total: 110 creatures vanquished

Notes
Turn   | Place    | Note
-------+----------+-------------------------------------------
     0 | D:1      | LeprechaunX the Octopode Shapeshifter began the quest for
                  | the Orb.
     0 | D:1      | Reached XP level 1. HP: 13/13 MP: 1/1
    35 | D:1      | Found a faded altar of an unknown god.
    40 | D:1      | Got Plato's Elucidation of Spectres
   114 | D:1      | Reached XP level 2. HP: 18/18 MP: 2/2
   785 | D:2      | Reached XP level 3. HP: 23/23 MP: 3/3
  1351 | D:3      | You fall into a shaft and drop 2 floors!
  1351 | D:5      | Entered Level 5 of the Dungeon
  1509 | D:4      | Reached XP level 4. HP: 13/29 MP: 4/4
  1642 | D:5      | Reached skill level 4 in Unarmed Combat
  1740 | D:5      | Noticed a scorpion
  1770 | D:5      | Found a shimmering blue altar of Sif Muna.
  1800 | D:5      | Reached XP level 5. HP: 29/34 MP: 5/5
  1836 | D:4      | Found a staircase to the Ecumenical Temple.
  1853 | Temple   | Entered the Ecumenical Temple
  1866 | Temple   | Became a worshipper of Hepliaklqana the Forgotten
  1939 | D:4      | Noticed Blork the orc
  1963 | D:4      | Killed Blork the orc
  1964 | D:4      | Reached XP level 6. HP: 23/41 MP: 6/6
  2094 | D:4      | Found a sparkling altar of Nemelex Xobeh.
  2215 | D:3      | Found Raososs's Jewellery Boutique.
  2498 | D:3      | Found a snail-covered altar of Cheibriados.
  2573 | D:3      | Found a runed translucent gate.
  2573 | D:3      | Found a runed translucent gate.
  2573 | D:3      | Found a runed translucent gate.
  2573 | D:3      | Reached * piety under Hepliaklqana
  2573 | D:3      | Noticed Starbright's ghost (amateur BaRe)
  2575 | D:3      | Found a basalt altar of Yredelemnul.
  2591 | D:3      | Reached skill level 5 in Unarmed Combat
  3417 | D:4      | Reached XP level 7. HP: 22/41 MP: 7/7
  3500 | D:4      | Found a shadowy altar of Dithmenos.
  3527 | D:4      | Noticed Edmund
  3535 | D:4      | Killed Edmund
  4160 | D:5      | Reached skill level 6 in Unarmed Combat
  4277 | D:5      | Found a broken altar of Ashenzari.
  4506 | D:5      | Found an iron altar of Okawaru.
  4670 | D:5      | Reached XP level 8. HP: 48/48 MP: 8/8
  4726 | D:6      | Reached ** piety under Hepliaklqana
  4727 | D:6      | Remembered your ancestor Khabaw as a battlemage
  4772 | D:6      | Reached skill level 7 in Unarmed Combat
  4869 | D:6      | HP: 1/48 [poisoned by a gnoll]
  4870 | D:6      | Succumbed to a gnoll's poison

Illustrated notes

Levels and vault maps discovered:
D:1:      dpeg_arrival_tiny_a, layout_basic,
          shapermc_ecumenical_altar_rom_forum, minmay_misc_feat_doors,
          hex_medium
D:2:      layout_loops_corners
D:3:      layout_basic, chei_slow_surprise, nicolae_yredelemnul_ghost_church,
          serial_shops, shop
D:4:      layout_basic, lemuel_tele_altar, lemuel_crystal_altar,
          minmay_temple_entry_tees, minmay_stone_trees_medium, uniq_edmund,
          uniq_blork_the_orc
D:5:      layout_gridville, mainiacjoe_overflow_six_doors_small,
          mainiacjoe_overflow_alcove_4, lemuel_round_altar
D:6:      layout_loops_ring, bh_walls_and_bars
Temple:   zaba_magenta_temple

Skill      XL: |  1  2  3  4  5  6  7  8 |
---------------+-------------------------+-----
Fighting       | 2 3 4 |  4.0
Unarmed Combat | 4 5 6 7 |  7.3
Dodging        | 3 4 |  4.0
Shapeshifting  | 4 |  4.9

Action                     |  1- 3 |  4- 6 |  7- 9 || total
---------------------------+-------+-------+-------++-------
  Melee: Unarmed           |    43 |    86 |     5 ||   134
         Constrict         |     8 |    24 |    16 ||    48
         Tentacles         |     7 |    17 |     9 ||    33
         Punch             |     1 |     3 |     2 ||     6
         Flail             |       |       |    51 ||    51
 Invoke: Ancestor Identity |       |       |     1 ||     1
         Ancestor Life: Ba |       |       |     1 ||     1
  Evoke: Wand              |       |       |     1 ||     1
    Use: Potion            |       |     1 |       ||     1
   Stab: Sleeping          |     9 |     5 |     3 ||    17
         Distracted        |       |     1 |       ||     1
 Armour: Skin              |     1 |    14 |    13 ||    28
  Dodge: Dodged            |    19 |    30 |    72 ||   121

Table legend: (Time is in decaauts)
 A = Elapsed time spent in this place.
 B = Non-inter-level travel time spent in this place.
 C = Inter-level travel time spent in this place.
 D = Time resting spent in this place.
 E = Time spent auto-exploring this place.
 F = Levels seen in this place.
 G = Mean time per level.
                   A        B        C        D        E       F      G
               +--------+--------+--------+--------+--------+-----+--------+
         Total |   4881 |   4641 |    240 |    421 |   3323 |   7 |  697.3 |
       Dungeon |   4854 |   4638 |    216 |    421 |   3323 |   6 |  809.0 |
        Temple |     26 |      2 |     24 |      0 |      0 |   1 |   26.0 |
               +--------+--------+--------+--------+--------+-----+--------+

Top non-repeatable levels by time:
     D:3: 1225 daAuts
     D:4: 1125 daAuts
     D:5: 1046 daAuts
     D:2: 824 daAuts
     D:1: 479 daAuts
     D:6: 152 daAuts
  Temple: 26 daAuts
